 Dungeon Crawl Stone Soup version 0.30.1-11-g7821555f0a (webtiles) character file.

Game seed: 5127578515910888476

121 Ijustatesigmund the Digger (level 5, -7/30 HPs)
             Began as a Gargoyle Earth Elementalist on Nov 16, 2023.
             Killed by divine providence
             ... invoked by an orc priest
              (10 damage)
             ... on level 4 of the Dungeon.
             The game lasted 00:05:51 (2738 turns).

Ijustatesigmund the Digger (GrEE)                   Turns: 2738, Time: 00:05:53

Health: -7/30      AC:  7    Str: 12    XL:     5   Next: 5%
Magic:  6/9        EV: 11    Int: 17    God:
Gold:   96         SH:  0    Dex: 10    Spells: 6/10 levels left

rFire   . . .        l - staff of earth
rCold   + . .        (no shield)
rNeg    + . .        a - +0 robe
rPois   ∞            (no helmet)
rElec   +            (no cloak)
rCorr   .            (no gloves)
SInv    .            e - +0 pair of boots
Will    +....        (no amulet)
Stlth   ++           (no ring)
HPRegen 0.25/turn    (no ring)
MPRegen 0.11/turn

%: clarity
@: very slightly contaminated
A: sickness immunity, AC +4, negative energy resistance 1, electricity
resistance, torment resistance 1, petrification resistance, clarity, cold
resistance 1, strong-willed 1
a: no special abilities


You were on level 4 of the Dungeon.
You visited 1 branch of the dungeon, and saw 4 of its levels.

You collected 126 gold pieces.
You spent 30 gold pieces at shops.

Inventory:

Hand Weapons
 i - a +0 whip
Armour
 a - a +0 robe (worn)
 e - a +0 pair of boots (worn)
Magical Staves
 l - a staff of earth (weapon)
Scrolls
 c - a scroll of amnesia {unknown}
 d - a scroll of acquirement {unknown}
 f - a scroll of poison {unknown}
 g - a scroll of vulnerability {unknown}
 j - 3 scrolls of identify {unknown}
 o - 2 scrolls of teleportation {unknown}
Potions
 b - a potion of magic
 h - 2 potions of curing
 k - a potion of might {unknown}
 m - 2 potions of mutation
 n - a potion of lignification {unknown}


   Skills:
 - Level 2.0 Fighting
 - Level 1.5 Dodging
 - Level 2.1 Stealth
 + Level 3.1 Spellcasting
 * Level 1.8 Conjurations
 - Level 0.7 Transmutations
 + Level 4.7 Earth Magic


You had 6 spell levels left.
You knew the following spells:

 Your Spells              Type           Power      Damage    Failure   Level
a - Sandblast             Erth           56%        2d13      2%          1
b - Stone Arrow           Conj/Erth      40%        3d9       14%         3

Your spell library contained the following spells:

 Spells                   Type           Power      Damage    Failure   Level
 Passwall                 Tmut/Erth      14%        N/A       9%          2
 Ensorcelled Hibernation  Hex/Ice        4%         N/A       26%         2
 Gell's Gravitas          Tloc           2%         N/A       45%         3
 Swiftness                Air            2%         N/A       45%         3
 Teleport Other           Tloc           2%         N/A       45%         3
 Petrify                  Tmut/Erth      17%        N/A       50%         4
 Dispersal                Tloc           1%         N/A       100%        6


Dungeon Overview and Level Annotations

Branches:
Dungeon (4/15)
 Temple: D:4-7

Altars:
Kikubaaqudgha

Shops:
D:1 [   D:3 !*

Annotations:
D:2 Sigmund


Innate Abilities, Weirdness & Mutations

You are immune to sickness and miasma.
Your stone body is resilient. (AC +4)
You are immune to poison.
You resist negative energy. (rN+)
You are resistant to electric shocks. (rElec)
You are resistant to unholy torment.
You are immune to petrification.
You possess an exceptional clarity of mind.
Your flesh is cold resistant. (rC+)
You are strong-willed. (Will+)


Message History

Press: ? - help, Shift-Dir - straight line, f/p - orc
Aim: an orc, wielding a +0 club and wearing a +0 ring mail (85% to hit)
You feel a surge of power!
You miscast Sandblast.
You are very lightly contaminated with residual magic.
Nothing appears to happen.
Casting: Sandblast (safe; 2% risk of failure)
Confirm with . or Enter, or press ? or * to list all spells.
Aiming: Sandblast (safe; 2% risk of failure)
Press: ? - help, Shift-Dir - straight line, f/p - orc
Aim: an orc, wielding a +0 club and wearing a +0 ring mail (85% to hit)
You feel a surge of power!
The blast of sand hits the orc!
You kill the orc!
A kobold comes into view. It is wielding a +0 whip.
The orc hits you but does no damage.
A kobold comes into view. It is wielding a +0 club.
Casting: Sandblast (safe; 2% risk of failure)
Confirm with . or Enter, or press ? or * to list all spells.
Aiming: Sandblast (safe; 2% risk of failure)
Press: ? - help, Shift-Dir - straight line, f - orc
Aim: an orc, wielding a +0 club and wearing a +0 leather armour (83% to hit)
You feel a surge of power!
The blast of sand hits the orc!
You kill the orc!
The kobold shouts!
You hear a shout!
An orc comes into view. It is wielding a +0 flail.
A dart slug comes into view.
The orc priest calls down the wrath of Beogh upon you.
Beogh smites you!
Ouch! That really hurt!
* * * LOW HITPOINT WARNING * * *
The orc priest closely misses you.
It was a potion of mutation.
You feel extremely strange.
Your thoughts seem clearer.
You feel resistant to cold.
You feel strong-willed.
The orc priest hits you but does no damage.
You feel better.
The orc priest invokes the aid of Beogh against you.
Beogh smites you!
* * * LOW HITPOINT WARNING * * *
The orc priest invokes the aid of Beogh against you.
Beogh smites you!
You die...

...........................
........................
........................
!.......................
.w.o....................
.oK..........†........
..K..####........... #o).#
#...........>
#@.###............
##..##.#..........
##..............
##.....##..... #..#### ....
#.## ... ..# ##.# ...


You could see 2 orc priests, a dart slug (wandering), an orc and 2 kobolds.

Vanquished Creatures
  Jessica (D:2)
  4 adders (D:3)
  5 orcs
  7 ball pythons
  6 endoplasms
  2 giant cockroaches
  6 goblins
  4 hobgoblins
  4 quokkas
  2 bats
  3 frilled lizards (D:1)
  5 kobolds
  3 rats
52 creatures vanquished.

Notes
Turn   | Place    | Note
-------+----------+-------------------------------------------
     0 | D:1      | Ijustatesigmund the Gargoyle Earth Elementalist began the
                  | quest for the Orb.
     0 | D:1      | Reached XP level 1. HP: 10/10 MP: 3/3
   308 | D:1      | Found Kumoru's Armour Boutique.
   373 | D:1      | Reached XP level 2. HP: 16/16 MP: 0/5
   909 | D:1      | Reached skill level 1 in Fighting
   970 | D:1      | Reached skill level 4 in Earth Magic
  1035 | D:1      | Found a faded altar of an unknown god.
  1185 | D:2      | Reached XP level 3. HP: 20/20 MP: 3/6
  1314 | D:2      | Noticed Jessica
  1316 | D:2      | Killed Jessica
  1491 | D:2      | Reached XP level 4. HP: 26/26 MP: 6/8
  1511 | D:2      | Noticed Sigmund
  1553 | D:3      | Learned a level 3 spell: Stone Arrow
  1618 | D:3      | Found Ylaefeim's Distillery.
  1620 | D:3      | Found Myvar's General Store.
  1632 | D:3      | Bought a potion of curing for 30 gold pieces
  1662 | D:3      | Found an ancient bone altar of Kikubaaqudgha.
  2045 | D:3      | Reached skill level 1 in Conjurations
  2658 | D:4      | Reached XP level 5. HP: 23/30 MP: 7/9
  2737 | D:4      | Gained mutation: You possess an exceptional clarity of
                  | mind. [potion of mutation]
  2737 | D:4      | Gained mutation: Your flesh is cold resistant. (rC+)
                  | [potion of mutation]
  2737 | D:4      | Gained mutation: You are strong-willed. (Will+) [potion of
                  | mutation]
  2738 | D:4      | Killed from afar by an orc priest

Illustrated notes

Levels and vault maps discovered:
D:1:      dpeg_arrival_rooms_c, layout_loops_corners, basic_ecumenical_altar,
          serial_shops, nicolae_shop_crystal
D:2:      layout_basic, basic_altar, uniq_jessica, uniq_sigmund
D:3:      layout_basic, nicolae_kikubaaqudgha_miasma_corner, serial_shops, shop,
          shop
D:4:      layout_layer_cave, mainiacjoe_overflow_alcove_2

Skill      XL: |  1  2  3  4 |
---------------+-------------+-----
Fighting       | 1 2 |  2.0
Earth Magic    | 4 |  4.7
Conjurations   | 1 |  1.8
Spellcasting   | 3 |  3.1
Dodging        | |  1.5
Stealth        | |  2.1
Transmutations | |  0.7

Action                     |  1- 3 |  4- 6 || total
---------------------------+-------+-------++-------
  Melee: Unarmed           |     4 |       ||     4
         Whip              |     3 |       ||     3
         Staff             |       |     2 ||     2
   Cast: Sandblast         |    38 |    33 ||    71
    Use: Potion            |       |     2 ||     2
 Armour: Robe              |     6 |     5 ||    11
  Dodge: Dodged            |    12 |     7 ||    19
